 Dungeon Sprint DCSS version 0.26-a0-662-g8b9c6dab81 (webtiles) character file.

Game seed: 13876124707641773124

116 sahdkjhfkaj the Firebug (level 4, 0/24 HPs)
             Began as a Deep Elf Fire Elementalist on Oct 9, 2020.
             Was a Priest of Sif Muna.
             Slain by a gnoll
             ... wielding a +0 spear
              (7 damage)
             ... in the Dungeon (Sprint VII: "The Pits").
             The game lasted 00:01:12 (731 turns).

sahdkjhfkaj the Firebug (Deep Elf Fire Elementalist) Turns: 731, Time: 00:01:13

Health: 0/24       AC:  2    Str:  5      XL:     4   Next: 69%
Magic:  1/13       EV: 15    Int: 21      God:    Sif Muna [***...]
Gold:   0          SH:  0    Dex: 14 (15) Spells: 9/14 levels left

rFire    . . .     SeeInvis .   n - +1 long sword (flame)
rCold    . . .     Faith    .   (no shield)
rNeg     . . .     Spirit   .   a - +0 robe
rPois    .         Reflect  .   (no helmet)
rElec    .         Harm     .   (no cloak)
rCorr    .         Rampage  .   (no gloves)
MR       .....     NoTele   +   (no boots)
Stlth    ++........             (no amulet)
HPRegen  0.08/turn              (no ring)
MPRegen  0.13/turn              (no ring)

@: no status effects
A: no striking features
a: Channel Magic, Forget Spell, Renounce Religion


You were in the Dungeon.
You worshipped Sif Muna.
Sif Muna was most pleased with you.
You visited 1 branch

Inventory:

Hand Weapons
 n - a +1 long sword of flaming (weapon)
Armour
 a - a +0 robe (worn)
Scrolls
 h - a scroll of blinking
 j - 3 scrolls of remove curse
 k - 5 scrolls of amnesia
 l - a scroll of summoning
 m - 2 scrolls of vulnerability
Potions
 c - 6 potions of curing
 d - 6 potions of heal wounds
 e - a potion of haste
 f - 4 potions of magic
 g - 3 potions of berserk rage
 i - 2 potions of invisibility


   Skills:
 + Level 5.1 Dodging
 - Level 2.4 Stealth
 + Level 5.7 Spellcasting
 * Level 5.9 Conjurations
 * Level 6.8 Fire Magic


You had 9 spell levels left.
You knew the following spells:

 Your Spells              Type           Power        Failure   Level
a - Foxfire               Conj/Fire      ####         1%          1
s - Sticky Flame          Conj/Fire      ####....     8%          4

Your spell library contained the following spells:

 Spells                   Type           Power        Failure   Level
 Conjure Flame            Conj/Fire      ####....     2%          3
 Inner Flame              Hex/Fire       ###.....     8%          3
 Fireball                 Conj/Fire      ####......   21%         5


Dungeon Overview and Level Annotations

Branches:
Dungeon (1/1)

Altars:
Ashenzari
Cheibriados
Dithmenos
Elyvilon
Fedhas
Gozag
Hepliaklqana
Kikubaaqudgha
Makhleb
Nemelex Xobeh
Okawaru
Qazlal
Ru
Sif Muna
Trog
Uskayaw
Vehumet
Wu Jian
Xom
Yredelemnul
Zin
The Shining One
Beogh
Jiyva
Lugonu


Message History

The gnoll shaman hits you with a +0 club!
The orc barely misses you.
Unknown command.
Your foxfire dissipates!
The foxfire hits the gnoll shaman but does no damage.
The gnoll shaman is almost dead.
The gnoll shaman calls upon its god to speed up the gnoll.
The gnoll seems to speed up.
A gnoll comes into view. It is wielding a +0 spear.
The gnoll hits you.
* * * LOW HITPOINT WARNING * * *
The gnoll shaman mumbles some strange prayers to its god against you.
You resist with some effort. The orc closely misses you.
You riposte.
You barely miss the orc.
The gnoll shouts!
The gnoll shaman mumbles some strange prayers to its god against you.
You resist with some effort. The gnoll barely misses you.
You riposte.
You closely miss the gnoll.
The gnoll hits you from afar with a +0 spear!
You die...

##### ___.# ___.#
_...###########++######
###'##..........@.....#
))'.##......#.g#gg....#
###.##..........go....+
.....'............K...+
g#####......#..#......#
.#..##................#
.#))#####'#####++######
##))##.......#
.#))##.......#


You could see a big kobold, a gnoll shaman, 3 gnolls and an orc.

Vanquished Creatures
  A quasit (D)
  2 worker ants (D)
  An adder (D)
  A gnoll (D)
  A river rat (D)
  2 leopard geckos (D)
  A bat skeleton (D)
  A giant cockroach (D)
  A quokka (D)
  A frilled lizard (D)
12 creatures vanquished.

Vanquished Creatures (others)
  36 foxfires (D)
36 creatures vanquished.

Grand Total: 48 creatures vanquished

Notes
Turn   | Place    | Note
-------+----------+-------------------------------------------
     0 | D        | sahdkjhfkaj the Deep Elf Fire Elementalist began the quest
                  | for the Orb.
     0 | D        | Reached XP level 1. HP: 10/10 MP: 6/6
   264 | D        | Found a bloodstained altar of Trog.
   264 | D        | Found a shimmering blue altar of Sif Muna.
   264 | D        | Found a viscous altar of Jiyva.
   264 | D        | Found a hazy altar of Hepliaklqana.
   264 | D        | Found an opulent altar of Gozag.
   265 | D        | Found a glowing golden altar of the Shining One.
   265 | D        | Found a glowing silver altar of Zin.
   265 | D        | Found a basalt altar of Yredelemnul.
   265 | D        | Found a shimmering altar of Xom.
   265 | D        | Found an ornate altar of the Wu Jian Council.
   265 | D        | Found a sacrificial altar of Ru.
   265 | D        | Found a stormy altar of Qazlal.
   265 | D        | Found an iron altar of Okawaru.
   265 | D        | Found a sparkling altar of Nemelex Xobeh.
   265 | D        | Found a burning altar of Makhleb.
   265 | D        | Found a blossoming altar of Fedhas.
   265 | D        | Found a white marble altar of Elyvilon.
   265 | D        | Found a shadowy altar of Dithmenos.
   265 | D        | Found a snail-covered altar of Cheibriados.
   266 | D        | Found a radiant altar of Vehumet.
   266 | D        | Found a corrupted altar of Lugonu.
   266 | D        | Found a roughly hewn altar of Beogh.
   267 | D        | Found a hide-covered altar of Uskayaw.
   267 | D        | Found an ancient bone altar of Kikubaaqudgha.
   267 | D        | Found a broken altar of Ashenzari.
   272 | D        | Became a worshipper of Sif Muna the Loreminder
   347 | D        | Noticed a worker ant
   351 | D        | Killed a worker ant
   351 | D        | Reached * piety under Sif Muna
   351 | D        | Reached skill level 5 in Fire Magic
   351 | D        | Reached XP level 2. HP: 15/15 MP: 2/9
   353 | D        | Reached XP level 3. HP: 19/19 MP: 1/10
   533 | D        | Reached ** piety under Sif Muna
   536 | D        | Reached skill level 5 in Spellcasting
   541 | D        | Reached skill level 5 in Conjurations
   541 | D        | Reached skill level 6 in Fire Magic
   541 | D        | Reached XP level 4. HP: 22/24 MP: 0/13
   549 | D        | Learned a level 4 spell: Sticky Flame
   691 | D        | Noticed a big kobold
   699 | D        | Reached *** piety under Sif Muna
   699 | D        | Reached skill level 5 in Dodging
   731 | D        | Slain by a gnoll

Illustrated notes

Levels and vault maps discovered:
D:        pitsprint [storerooms_1, entrance_room_1, metal_vault_2, armoury_2,
          mini_pit_1, grid_room_1, main_hall_1, silver_pit, the_coven_3,
          the_vestibule_1, steel_vault_1, golden_pit, hallway_of_sentries,
          crystal_vault_5, iron_vault_4, final_vault]

Skill      XL: |  1  2  3  4 |
---------------+-------------+-----
Conjurations   | 3 5 |  5.9
Dodging        | 3 4 5 |  5.1
Spellcasting   | 4 5 |  5.7
Fire Magic     | 5 6 |  6.8
Stealth        | |  2.4

Action                   |  1- 3 |  4- 6 || total
-------------------------+-------+-------++-------
Melee: Falchion          |     2 |     2 ||     4
 Cast: Foxfire           |    23 |     5 ||    28
       Sticky Flame      |       |     3 ||     3
Armor: Robe              |     1 |     4 ||     5
Dodge: Dodged            |    11 |     7 ||    18
       Rpst.: Falchion   |     2 |       ||     2
       Long sword        |       |     3 ||     3

Table legend: (Time is in decaauts)
 A = Elapsed time spent in this place.
 B = Non-inter-level travel time spent in this place.
 C = Inter-level travel time spent in this place.
 D = Time resting spent in this place.
 E = Time spent auto-exploring this place.
 F = Levels seen in this place.
 G = Mean time per level.
                   A        B        C        D        E       F      G
               +--------+--------+--------+--------+--------+-----+--------+
         Total |    731 |    710 |     21 |    534 |      0 |   1 |  731.0 |
       Dungeon |    731 |    710 |     21 |    534 |      0 |   1 |  731.0 |
               +--------+--------+--------+--------+--------+-----+--------+

Top non-repeatable levels by time:
       D: 731 daAuts
